BSA
NEVADA NOISE @ IRVINE GANG GREEN
07/11/2030
 
TOP OF THE 1ST
Nevada Noise batting - Pitching for Irvine Gang Green : LHP Millard Curtis
Pitching: LHP Millard Curtis
Batting: RHB Fernando Gálvez 0-0: Called Strike
0-1: Ball
1-1: Ball
2-1: Ball
3-1: Base on Balls
Batting: RHB Bill Mark 0-0: Called Strike
0-1: Ball
1-1: Ball
2-1: Called Strike
2-2: Foul Ball, location: 2F
2-2: Foul Ball, location: 2F
2-2: Strikes out looking
Batting: LHB Greg Nelson 0-0: Ball
1-0: Ball
2-0: SINGLE (Line Drive, 4MD)
Fernando Gálvez to second
Batting: RHB Luis Cruz 0-0: Ball
1-0: Called Strike
1-1: Foul Ball, location: 2F
1-2: Foul Ball, location: 2F
1-2: Ball
2-2: Grounds into double play, 5-4-3 (Groundball, 56)
Top of the 1st over - 0 runs, 1 hit, 0 errors, 1 left on base; Nevada 0 - Irvine 0
BOTTOM OF THE 1ST
Irvine Gang Green batting - Pitching for Nevada Noise : RHP José López
Pitching: RHP José López
Batting: RHB Tomás Carranza 0-0: Ball
1-0: Ball
2-0: Ball
3-0: Called Strike
3-1: Ground out 3-1 (Groundball, 34)
Batting: LHB Jorge Martínez 0-0: Swinging Strike
0-1: Ball
1-1: Foul Ball, location: 2F
1-2: Ground out 6-3 (Groundball, 6M)
Batting: LHB Jeff Daniels 0-0: Ball
1-0: Fly out, F8 (Flyball, 8LM)
Bottom of the 1st over - 0 runs, 0 hits, 0 errors, 0 left on base; Nevada 0 - Irvine 0
TOP OF THE 2ND
Nevada Noise batting - Pitching for Irvine Gang Green : LHP Millard Curtis
Batting: RHB Iván Gonzáles 0-0: Ball
1-0: Ball
2-0: Ball
3-0: Base on Balls
Batting: RHB José Aguilera 0-0: Ball
1-0: Swinging Strike
1-1: Swinging Strike
1-2: Ball
2-2: Foul Ball, location: 2F
2-2: Ball
3-2: Base on Balls
Iván Gonzáles to second
Batting: SHB Nate Rhodes 0-0: Ball
1-0: Foul Ball, location: 2F
1-1: Foul Ball, location: 2F
1-2: Hit by Pitch
Iván Gonzáles to third
José Aguilera to second
Batting: LHB Milton Watson 0-0: Ball
1-0: Called Strike
1-1: Called Strike
1-2: Ball
2-2: Foul Ball, location: 2F
2-2: Grounds into double play, 1-2-3 (Groundball, 13S)
José Aguilera to third
Nate Rhodes to second
Batting: SHB Derek Roach 0-0: Fly out, F8 (Flyball, 89XD)
Top of the 2nd over - 0 runs, 0 hits, 0 errors, 2 left on base; Nevada 0 - Irvine 0
BOTTOM OF THE 2ND
Irvine Gang Green batting - Pitching for Nevada Noise : RHP José López
Batting: LHB Víctor Quiñones 0-0: Ball
1-0: Foul Ball, location: 2F
1-1: Swinging Strike
1-2: Foul Ball, location: 2F
1-2: Foul Ball, location: 2F
1-2: Strikes out swinging
Batting: RHB Ronnie Brown 0-0: Swinging Strike
0-1: Ball
1-1: Ball
2-1: Foul Ball, location: 2F
2-2: Ground out 6-3 (Groundball, 56)
Batting: SHB Nick Cox 0-0: Ball
1-0: Foul Ball, location: 2F
1-1: Ball
2-1: Fly out, F8 (Flyball, 89XD)
Bottom of the 2nd over - 0 runs, 0 hits, 0 errors, 0 left on base; Nevada 0 - Irvine 0
TOP OF THE 3RD
Nevada Noise batting - Pitching for Irvine Gang Green : LHP Millard Curtis
Batting: RHB Fernando Gálvez 0-0: Ground out 3-1 (Groundball, 34S)
Batting: RHB Bill Mark 0-0: Called Strike
0-1: Ball
1-1: SINGLE (Groundball, 6MD)
Batting: LHB Greg Nelson 0-0: Reached on error, E7 (Flyball, 7)
Bill Mark to second
Batting: RHB Luis Cruz 0-0: Called Strike
0-1: Called Strike
0-2: Foul Ball, location: 2F
0-2: Ball
1-2: Fly out, F6 (Popup, 6S)
Batting: RHB Iván Gonzáles 0-0: Ball
1-0: Called Strike
1-1: Ball
2-1: Fielders Choice at 2nd, 5-4 (Groundball, 56)
Top of the 3rd over - 0 runs, 1 hit, 1 error, 2 left on base; Nevada 0 - Irvine 0
BOTTOM OF THE 3RD
Irvine Gang Green batting - Pitching for Nevada Noise : RHP José López
Batting: RHB Carlos García 0-0: SINGLE (Line Drive, 89M)
Batting: RHB José Salazar 0-0: Ball
1-0: Ball
2-0: Fly out, F9 (Flyball, 9S)
Batting: LHB Tony Tavárez 0-0: Ball
1-0: Ball
2-0: Foul Ball, location: 2F
2-1: SINGLE (Groundball, 34S) (infield hit)
Carlos García to second
Batting: RHB Tomás Carranza 0-0: Ball
1-0: Ball
2-0: Called Strike
2-1: Foul Ball, location: 2F
2-2: Ball
3-2: Foul Ball, location: 2F
3-2: Fly out, F9 (Line Drive, 89S)
Batting: LHB Jorge Martínez 0-0: Foul Ball, location: 2F
0-1: Ball
1-1: Ground out 6-3 (Groundball, 6S)
Bottom of the 3rd over - 0 runs, 2 hits, 0 errors, 2 left on base; Nevada 0 - Irvine 0
TOP OF THE 4TH
Nevada Noise batting - Pitching for Irvine Gang Green : LHP Millard Curtis
Batting: RHB José Aguilera 0-0: SINGLE (Groundball, 4MD)
Batting: SHB Nate Rhodes 0-0: Called Strike
0-1: Foul Ball, location: 2F
0-2: Strikes out swinging
Batting: LHB Milton Watson 0-0: Called Strike
0-1: Foul Ball, location: 2F
0-2: Ball
1-2: Fly out, F6 (Flyball, 6MD)
Batting: SHB Derek Roach 0-0: Ball
1-0: Ball
2-0: Ball
3-0: Called Strike
3-1: Ground out U3 (Groundball, 3)
Top of the 4th over - 0 runs, 1 hit, 0 errors, 1 left on base; Nevada 0 - Irvine 0
BOTTOM OF THE 4TH
Irvine Gang Green batting - Pitching for Nevada Noise : RHP José López
Batting: LHB Jeff Daniels 0-0: Swinging Strike
0-1: Ball
1-1: Called Strike
1-2: Ball
2-2: Foul Ball, location: 2F
2-2: SINGLE (Flyball, 9LM)
Batting: LHB Víctor Quiñones 0-0: Fly out, F9 (Flyball, 9)
Batting: RHB Ronnie Brown 0-0: Called Strike
0-1: Ball
1-1: SINGLE (Line Drive, 3D)
Jeff Daniels to second
Batting: SHB Nick Cox 0-0: Ball
Wild Pitch!
Jeff Daniels to third
Ronnie Brown to second
1-0: Ball
2-0: Called Strike
2-1: SINGLE (Flyball, 78M)
Jeff Daniels scores
Ronnie Brown to third
Runner from 3rd tries for Home, SAFE, throw made home
Batting: RHB Carlos García 0-0: Ball
1-0: Swinging Strike
1-1: Ball
2-1: Foul Ball, location: 2F
2-2: Strikes out swinging
Batting: RHB José Salazar 0-0: Ball
1-0: Ball
2-0: SINGLE (Line Drive, 78S)
Nick Cox to second
Runner from 2nd tries for 3rd, SAFE, no throw
Batting: LHB Tony Tavárez 0-0: Ball
1-0: Ball
2-0: Fielders Choice at 2nd, U4 (Groundball, 4M)
Bottom of the 4th over - 2 runs, 4 hits, 0 errors, 2 left on base; Nevada 0 - Irvine 2
TOP OF THE 5TH
Nevada Noise batting - Pitching for Irvine Gang Green : LHP Millard Curtis
Batting: RHB Fernando Gálvez 0-0: Foul Ball, location: 2F
0-1: Called Strike
0-2: Strikes out swinging
Batting: RHB Bill Mark 0-0: Ball
1-0: TRIPLE (Groundball, 3L)
Batting: LHB Greg Nelson 0-0: Ball
1-0: Ground out 5-3 (Groundball, 56S)
Batting: RHB Luis Cruz 0-0: Called Strike
0-1: Ball
1-1: Ball
2-1: Ground out 6-3 (Groundball, 6S)
Top of the 5th over - 0 runs, 1 hit, 0 errors, 1 left on base; Nevada 0 - Irvine 2
BOTTOM OF THE 5TH
Irvine Gang Green batting - Pitching for Nevada Noise : RHP José López
Batting: RHB Tomás Carranza 0-0: Ball
1-0: Called Strike
1-1: Ball
2-1: Ball
3-1: Foul Ball, location: 2F
3-2: SINGLE (Line Drive, 4D)
Batting: LHB Jorge Martínez 0-0: Called Strike
0-1: Ball
1-1: Ball
2-1: Foul Ball, location: 2F
2-2: Ball
3-2: Fly out, F4 (Popup, 4D)
Batting: LHB Jeff Daniels 0-0: Ball
1-0: Swinging Strike
1-1: Ball
Tomás Carranza is caught stealing 2nd base
2-1: SINGLE (Flyball, 8LS)
Batting: LHB Víctor Quiñones 0-0: Ground out 4-3 (Groundball, 4)
Bottom of the 5th over - 0 runs, 2 hits, 0 errors, 1 left on base; Nevada 0 - Irvine 2
TOP OF THE 6TH
Nevada Noise batting - Pitching for Irvine Gang Green : LHP Millard Curtis
Batting: RHB Iván Gonzáles 0-0: Ball
1-0: Fly out, F8 (Line Drive, 8LS)
Batting: RHB José Aguilera 0-0: Ball
1-0: Fly out, F9 (Flyball, 89M)
Batting: SHB Nate Rhodes 0-0: Ball
1-0: Foul Ball, location: 2F
1-1: Called Strike
1-2: Ball
2-2: Ball
3-2: Foul Ball, location: 2F
3-2: Foul Ball, location: 2F
3-2: Strikes out swinging
Top of the 6th over - 0 runs, 0 hits, 0 errors, 0 left on base; Nevada 0 - Irvine 2
BOTTOM OF THE 6TH
Irvine Gang Green batting - Pitching for Nevada Noise : RHP José López
Batting: RHB Ronnie Brown 0-0: Swinging Strike
0-1: Ball
1-1: Foul Ball, location: 2F
1-2: Ball
2-2: DOUBLE (Line Drive, 3D)
Batting: SHB Nick Cox 0-0: Intentional Walk
Batting: RHB Carlos García 0-0: Ball
1-0: Foul Ball, location: 2F
1-1: Grounds into double play, 5-4-3 (Groundball, 5)
Ronnie Brown to third
Batting: RHB José Salazar 0-0: Called Strike
0-1: Foul Ball, location: 2F
0-2: Ball
1-2: Ball
2-2: Foul Ball, location: 2F
2-2: Ball
3-2: Base on Balls
Batting: LHB Tony Tavárez Pickoff Throw to First - Out!
Bottom of the 6th over - 0 runs, 1 hit, 0 errors, 1 left on base; Nevada 0 - Irvine 2
TOP OF THE 7TH
Nevada Noise batting - Pitching for Irvine Gang Green : LHP Millard Curtis
Batting: LHB Milton Watson 0-0: Foul Ball, location: 2F
0-1: Ball
1-1: Foul Ball, location: 2F
1-2: Foul Ball, location: 2F
1-2: Foul Ball, location: 2F
1-2: Strikes out swinging
Batting: SHB Derek Roach 0-0: Ball
1-0: Ball
2-0: Ground out 3-1 (Groundball, 34)
Batting: RHB Fernando Gálvez 0-0: Called Strike
0-1: Fly out, F2 (Popup, 13S)
Top of the 7th over - 0 runs, 0 hits, 0 errors, 0 left on base; Nevada 0 - Irvine 2
BOTTOM OF THE 7TH
Irvine Gang Green batting - Pitching for Nevada Noise : RHP José López
Pitching: LHP Takeo Nakano
Batting: LHB Tony Tavárez 0-0: Ball
1-0: SINGLE (Groundball, 34D)
Batting: RHB Tomás Carranza 0-0: Ball
1-0: Ball
2-0: Ball
3-0: Called Strike
3-1: Foul Ball, location: 2F
3-2: Ground out 4-3 (Groundball, 4MS)
Tony Tavárez to second
Batting: LHB Jorge Martínez 0-0: Called Strike
0-1: Ball
1-1: Ball
2-1: Ball
3-1: Base on Balls
Batting: LHB Jeff Daniels 0-0: Called Strike
0-1: Swinging Strike
0-2: Strikes out swinging
Batting: LHB Víctor Quiñones 0-0: Ball
1-0: Swinging Strike
1-1: Fielders Choice at 2nd, U4 (Groundball, 4M)
Bottom of the 7th over - 0 runs, 1 hit, 0 errors, 2 left on base; Nevada 0 - Irvine 2
TOP OF THE 8TH
Nevada Noise batting - Pitching for Irvine Gang Green : LHP Millard Curtis
Pitching: RHP Raúl Saltines
Batting: RHB Bill Mark 0-0: Foul Ball, location: 2F
0-1: Foul Ball, location: 2F
0-2: Ball
1-2: Ball
2-2: Strikes out swinging
Batting: LHB Greg Nelson 0-0: Ball
1-0: Called Strike
1-1: Ball
2-1: Foul Ball, location: 2F
2-2: Ground out 4-3 (Groundball, 34D)
Batting: RHB Luis Cruz 0-0: Called Strike
0-1: Called Strike
0-2: Ball
1-2: Ball
2-2: Foul Ball, location: 2F
2-2: Ball
3-2: Fly out, F2 (Popup, 3SF)
Top of the 8th over - 0 runs, 0 hits, 0 errors, 0 left on base; Nevada 0 - Irvine 2
BOTTOM OF THE 8TH
Irvine Gang Green batting - Pitching for Nevada Noise : LHP Takeo Nakano
Batting: RHB Ronnie Brown 0-0: Called Strike
0-1: Ball
1-1: Ball
2-1: Ball
3-1: Base on Balls
Batting: SHB Nick Cox 0-0: Foul Ball, location: 2F
0-1: Ball
1-1: Ball
2-1: Ball
3-1: Called Strike
3-2: Ground out 5-3 (Groundball, 56S)
Ronnie Brown to second
Batting: RHB Carlos García 0-0: Ball
1-0: Called Strike
1-1: Ball
2-1: Fly out, F8 (Flyball, 8RXD)
Runner from 2nd tags up, SAFE at 3rd, no throw
Batting: RHB José Salazar 0-0: Ball
1-0: Fly out, F8 (Line Drive, 89M)
Bottom of the 8th over - 0 runs, 0 hits, 0 errors, 1 left on base; Nevada 0 - Irvine 2
TOP OF THE 9TH
Nevada Noise batting - Pitching for Irvine Gang Green : RHP Raúl Saltines
Batting: RHB Iván Gonzáles 0-0: Ball
1-0: Ball
2-0: Ball
3-0: Called Strike
3-1: Foul Ball, location: 2F
3-2: Ground out 4-3 (Groundball, 4MS)
Batting: RHB José Aguilera 0-0: Called Strike
0-1: Called Strike
0-2: Strikes out swinging
Batting: SHB Nate Rhodes 0-0: Ball
1-0: Ball
2-0: Ball
3-0: Called Strike
3-1: Called Strike
3-2: Base on Balls
Pitching: LHP Jaime Guzmán
Batting: LHB Milton Watson 0-0: Ball
1-0: Foul Ball, location: 2F
1-1: Foul Ball, location: 2F
1-2: Ball
2-2: Ball
3-2: SINGLE (Line Drive, 34D)
Nate Rhodes to second
Nate Rhodes to third
Batting: SHB Derek Roach 0-0: Foul Ball, location: 2F
0-1: Ball
1-1: Ball
2-1: SINGLE (Line Drive, 34D)
Nate Rhodes scores
Milton Watson to second
Runner from 2nd tries for 3rd, SAFE, no throw
Batting: RHB Fernando Gálvez 0-0: Ball
1-0: Foul Ball, location: 2F
1-1: Foul Ball, location: 2F
1-2: Fielders Choice at 2nd, 6-4 (Groundball, 6)
Top of the 9th over - 1 run, 2 hits, 0 errors, 2 left on base; Nevada 1 - Irvine 2
Saturday, April 7th, 2018 - OOTP Baseball 18.8 Build 76